 Dungeon Crawl Stone Soup version 0.19.0-2-gae57169 (webtiles) character file.

4547 nikopol the Cleaver (level 10, 0/135 HPs)
             Began as a Hill Orc Berserker on Nov 4, 2016.
             Was a High Priest of Trog.
             Succumbed to a meliai's poison
             ... on level 8 of the Dungeon on Nov 5, 2016.
             The game lasted 00:26:31 (8289 turns).

nikopol the Cleaver (Hill Orc Berserker)            Turns: 8289, Time: 00:26:32

Health: 0/135      AC: 13    Str: 27    XL:     10   Next: 40%
Magic:  10/10      EV: 14    Int:  7    God:    Trog [*****.]
Gold:   496        SH:  0    Dex: 12    Spells: 0 memorised, 9 levels left

rFire  . . .     SeeInvis .     a - +2 hand axe (flame)
rCold  . . .     Gourm    .     f - +0 ring mail
rNeg   . . .     Faith    .     (no shield)
rPois  .         Spirit   .     u - +2 hat
rElec  .         Reflect  .     J - +0 cloak (curse)
rCorr  .         Harm     .     N - +1 pair of gloves
MR     .....                    t - +0 pair of boots
Stlth  ..........               (no amulet)
                                (no ring)
                                (no ring)

@: berserking (expiring), lethally poisoned (0 -> -26), very quick
A: no striking features
a: Berserk, Trog's Hand, Brothers in Arms, Burn Spellbooks, Renounce Religion


You were on level 8 of the Dungeon.
You worshipped Trog.
Trog was extremely pleased with you.
You were not hungry.

You visited 1 branch of the dungeon, and saw 8 of its levels.

You collected 496 gold pieces.

Inventory:

Hand Weapons
 a - a +2 hand axe of flaming (weapon)
 z - a +0 shortbow
 B - a +0 hand axe
 G - a cursed -1 war axe
 I - a cursed +3 war axe
 O - a +1 war axe
Missiles
 r - 51 arrows (quivered)
Armour
 b - a +0 animal skin
 f - a +0 ring mail (worn)
 t - a +0 pair of boots (worn)
 u - a +2 hat (worn)
 J - a cursed +0 cloak (worn)
 N - a +1 pair of gloves (worn)
Jewellery
 x - an uncursed ring of resist corrosion {unknown}
 y - a +5 amulet of reflection {unknown}
 E - an uncursed ring of protection from fire {unknown}
 F - an uncursed ring of wizardry {unknown}
Wands
 P - a wand of paralysis (1/24)
Scrolls
 e - 4 scrolls of random uselessness {unknown}
 h - 12 scrolls of remove curse {unknown}
 i - 3 scrolls of teleportation {unknown}
 p - 3 scrolls of enchant weapon {unknown}
 v - 5 scrolls of identify {unknown}
 A - a scroll of amnesia {unknown}
 C - a scroll of immolation {unknown}
 D - a scroll of brand weapon {unknown}
 H - a scroll of silence {unknown}
 M - a scroll of fog {unknown}
 R - a scroll of recharging {unknown}
Potions
 d - 3 potions of curing {unknown}
 g - 4 potions of heal wounds {unknown}
 k - 2 potions of flight {unknown}
 l - 2 potions of might {unknown}
 n - 3 potions of degeneration {unknown}
 o - 2 potions of invisibility {unknown}
 q - 2 potions of brilliance {unknown}
 s - 2 potions of agility {unknown}
 K - a potion of berserk rage {unknown}
 L - a potion of cancellation {unknown}
 Q - a potion of mutation {unknown}
Comestibles
 c - 2 bread rations
 j - 9 meat rations
 m - 3 slices of pizza
 w - 2 fruits
 S - 10 royal jellies


   Skills:
 + Level 8.5 Fighting
 * Level 10.7 Axes
 * Level 5.1 Bows
 + Level 7.6 Armour
 + Level 5.8 Dodging


You had 9 spell levels left.
You didn't know any spells.

Dungeon Overview and Level Annotations

Branches:
Dungeon (8/15)             Temple (0/1) D:6
   Lair: D:8-11

Altars:
Nemelex Xobeh
Okawaru
Qazlal
Sif Muna
Uskayaw
Vehumet
Xom
Zin
The Shining One

Shops:
D:4 (   D:6 *(   D:8 *


Message History

The meliai is heavily wounded.
You feel sick. The meliai hits you but does no damage. The meliai stings you.
* * * LOW HITPOINT WARNING * * *
You are more poisoned.
The meliai poisons you!
You slash the meliai! You burn the meliai.
You kill the meliai!
Trog accepts your kill.
Your Bows skill increases to level 5!
* * * LOW HITPOINT WARNING * * *
You feel sick.
You slash the cyan ugly thing! You burn the cyan ugly thing.
The cyan ugly thing is lightly wounded.
* * * LOW HITPOINT WARNING * * *
You feel sick.
A slime creature comes into view.
The slime creature quivers.
You hit the cyan ugly thing. You burn the cyan ugly thing.
The cyan ugly thing is moderately wounded.
You die...

§§§##........≈###
§§§##.#.####....#
§§§##.#.# ######
§.###.#.##########
#####.#.##.......#.#
...⌠#...##.#####.#.#
. ######..##.# #.#.#
Z. ...###..##.#
#.#.# <#
§§§###..##.# #@#.#
.. . §§§##...##.#
#u#.#g#...
.§.##...##.#
#g#....g..
§..##..(##.# #gz...#
#####...##.# ##..###
#######.##.# #a.#
#.........# ....
#.####..#.# .J/.u
#..### ..####.


You could see a cyan ugly thing, a slime creature, a worker ant, a wight and 2
gnolls.

Vanquished Creatures
  Pikel (D:7)
  A hill giant (D:7)
  A meliai (D:8)
  A two-headed ogre (D:7)
  The ghost of
  1994 the Charmwright, an amateur DESk of Vehumet (D:3)
  2 hungry ghosts (D:8)
  2 orc warriors (D:5)
  A phantom (D:5)
  2 ice beasts
  3 ogres
  2 centaurs
  3 gnoll sergeants
  A bullfrog (D:7)
  4 scorpions
  8 wights
  A howler monkey (D:7)
  3 crimson imps
  5 jellies
  A quasit (D:5)
  2 hounds
  2 orc priests (D:4)
  4 orc wizards
  Crazy Yiuf (D:7)
  A centaur skeleton (D:7)
  5 worker ants
  5 iguanas
  2 hound skeletons (D:7)
  11 adders
  6 gnolls
  2 shadow imps
  6 oozes
  A worm (D:5)
  2 dart slugs
  3 leopard geckos
  22 orcs
  6 bats
  8 giant cockroaches
  8 goblins
  5 hobgoblins
  9 jackals
  8 kobolds
  5 quokkas
  2 ball pythons
  10 frilled lizards
  A jackal zombie (D:5)
  A quokka zombie (D:5)
  13 rats
194 creatures vanquished.

Vanquished Creatures (others)
  An orc wizard (D:4)
  4 orcs (D:7)
5 creatures vanquished.

Grand Total: 199 creatures vanquished

Notes
Turn   | Place    | Note
-------+----------+-------------------------------------------
     0 | D:1      | nikopol the Hill Orc Berserker began the quest for the Orb.
     0 | D:1      | Reached XP level 1. HP: 19/19 MP: 1/1
    99 | D:1      | Reached XP level 2. HP: 27/27 MP: 2/2
   360 | D:1      | Reached XP level 3. HP: 29/33 MP: 3/3
   645 | D:2      | Reached ** piety under Trog
  1034 | D:2      | Reached XP level 4. HP: 27/40 MP: 4/4
  1485 | D:3      | Noticed 1994's ghost (amateur DESk)
  1496 | D:3      | Killed 1994's ghost
  1496 | D:3      | Reached skill level 5 in Axes
  1496 | D:3      | Reached XP level 5. HP: 47/47 MP: 5/5
  1496 | D:3      | Reached XP level 6. HP: 55/55 MP: 6/6
  1572 | D:3      | Found a faded altar of an unknown god.
  2049 | D:3      | Reached *** piety under Trog
  2112 | D:3      | Reached skill level 5 in Fighting
  3029 | D:4      | Reached skill level 6 in Axes
  3029 | D:4      | Reached XP level 7. HP: 26/61 MP: 7/7
  3563 | D:4      | Found Zenod's Weapon Shop.
  3920 | D:4      | Found a deep blue altar of Sif Muna.
  3947 | D:5      | Entered Level 5 of the Dungeon
  4015 | D:5      | Reached skill level 5 in Armour
  4024 | D:5      | Reached XP level 8. HP: 38/70 MP: 8/8
  4026 | D:5      | Reached skill level 7 in Axes
  4489 | D:5      | Found a glowing golden altar of the Shining One.
  4946 | D:5      | Reached **** piety under Trog
  5057 | D:5      | Reached skill level 1 in Bows
  5411 | D:6      | Reached skill level 8 in Axes
  5675 | D:6      | Found Tutajofigu's Antique Weapon Emporium.
  5724 | D:6      | Reached XP level 9. HP: 79/79 MP: 9/9
  5795 | D:6      | Found Ilebiem's Assorted Antiques.
  5829 | D:6      | Found a shimmering altar of Xom.
  5981 | D:6      | Found a staircase to the Ecumenical Temple.
  6376 | D:6      | Found an iron altar of Okawaru.
  6701 | D:7      | Reached skill level 9 in Axes
  6701 | D:7      | Reached skill level 5 in Dodging
  6870 | D:7      | Noticed a hill giant
  6878 | D:7      | Killed a hill giant
  7157 | D:7      | Noticed a two-headed ogre
  7168 | D:7      | Killed a two-headed ogre
  7252 | D:7      | Found a runed door.
  7257 | D:7      | Noticed Crazy Yiuf
  7264 | D:7      | Killed Crazy Yiuf
  7264 | D:7      | Reached skill level 10 in Axes
  7417 | D:7      | Noticed Pikel
  7428 | D:7      | Killed Pikel
  7428 | D:7      | Reached XP level 10. HP: 89/89 MP: 10/10
  7687 | D:7      | Found a stormy altar of Qazlal.
  7698 | D:7      | Found a hide-covered altar of Uskayaw.
  7703 | D:7      | Found a radiant altar of Vehumet.
  7974 | D:8      | Found Zin's Purification Station.
  7987 | D:8      | Found a glowing silver altar of Zin.
  8038 | D:8      | Found a sparkling altar of Nemelex Xobeh.
  8117 | D:8      | Reached ***** piety under Trog
  8264 | D:8      | Noticed a cyan ugly thing
  8286 | D:8      | HP: 3/135 [meliai/hand axe (4)]
  8287 | D:8      | Reached skill level 5 in Bows
  8288 | D:8      | HP: 1/135 [poisoned by a meliai]
  8289 | D:8      | Succumbed to a meliai's poison

Skill      XL: |  1  2  3  4  5  6  7  8  9 10 |
---------------+-------------------------------+-----
Dodging        | 2 3 4 5 |  5.8
Fighting       | 4 5 6 7 8 |  8.5
Armour         | 3 4 5 6 7 |  7.6
Axes           | 5 6 8 10 | 10.7
Bows           | 1 4 5 |  5.1

Action                   |  1- 3 |  4- 6 |  7- 9 | 10-12 || total
-------------------------+-------+-------+-------+-------++-------
Melee: Hand axe          |   142 |   143 |   343 |    84 ||   712
 Fire: Shortbow          |       |       |    79 |    40 ||   119
Invok: Berserk           |       |     2 |     3 |     2 ||     7
       Trog's Hand       |       |       |     1 |       ||     1
       Burn Spellbooks   |       |       |       |     1 ||     1
  Eat: Chunk             |     1 |     7 |    16 |     3 ||    27
       Fruit             |       |       |       |     2 ||     2
       Bread ration      |       |       |       |     1 ||     1
       Pizza             |       |       |       |     1 ||     1
Armor: Ring mail         |    52 |    56 |   109 |    31 ||   248
Dodge: Dodged            |   104 |   100 |   178 |    37 ||   419
